 Dungeon Crawl Stone Soup version 0.29-a0-892-g2c4c91d9db (webtiles) character file.

Game seed: 4528097764834665185

150 HoaS the Shooter (level 5, -27/30 HPs)
             Began as a Gargoyle Hunter on July 22, 2022.
             Was an Initiate of Okawaru.
             Annihilated by an ogre
             ... wielding a +0 giant spiked club
              (29 damage)
             ... on level 4 of the Dungeon.
             The game lasted 00:04:07 (2636 turns).

HoaS the Shooter (Gargoyle Hunter)                  Turns: 2636, Time: 00:04:08

Health: -27/30     AC:  7    Str: 14    XL:     5   Next: 32%
Magic:  6/6        EV: 11    Int: 10    God:    Okawaru [......]
Gold:   169        SH:  0    Dex: 15    Spells: 4/4 levels left

rFire   + . .      SeeInvis .   a - +0 shortbow
rCold   + . .      Faith    .   (shield currently unavailable)
rNeg    + . .      Spirit   .   c - +0 leather armour
rPois   ∞          Reflect  .   (no helmet)
rElec   +          Harm     .   m - scarf {rC+ rF+}
rCorr   .          Rampage  .   (no gloves)
Will    .....                   (no boots)
Stlth   ++........              (no amulet)
HPRegen 0.10/turn               (no ring)
MPRegen 0.10/turn               (no ring)

@: no status effects
A: sickness immunity, AC +4, negative energy resistance 1, electricity
resistance, torment resistance 1, petrification resistance
a: Renounce Religion


You were on level 4 of the Dungeon.
You worshipped Okawaru.
Okawaru was noncommittal.
You visited 1 branch of the dungeon, and saw 4 of its levels.

You collected 169 gold pieces.

Inventory:

Hand Weapons
 a - a +0 shortbow (weapon)
Armour
 c - a +0 leather armour (worn)
 i - a +0 scale mail
 m - a scarf of resistance (worn)
Jewellery
 d - a ring of fire
 g - a ring of fire
Scrolls
 b - a scroll of immolation
 o - 2 scrolls of identify
 p - a scroll of fear {unknown}
 q - a scroll of teleportation
Potions
 e - a potion of cancellation
 f - a potion of attraction
 h - a potion of berserk rage {unknown}
 j - 2 potions of resistance
 k - a potion of magic {unknown}
 l - 2 potions of curing {unknown}
 n - a potion of heal wounds {unknown}


   Skills:
 - Level 2.1 Fighting
 * Level 6.0 Ranged Weapons
 - Level 1.5 Dodging
 - Level 1.1 Stealth
 + Level 2.1 Invocations


You had 4 spell levels left.
You didn't know any spells.
Your spell library contained the following spells:

 Spells                   Type           Power      Damage    Failure   Level
 Slow                     Hex            0%         N/A       43%         1
 Sting                    Tmut/Pois      0%         1d3       43%         1
 Poisonous Vapours        Pois/Air       0%         N/A       58%         2
 Confusing Touch          Hex            0%         N/A       82%         3
 Gell's Gravitas          Tloc           0%         N/A       82%         3
 Lesser Beckoning         Tloc           0%         N/A       82%         3
 Teleport Other           Tloc           0%         N/A       82%         3
 Vampiric Draining        Necr           0%         2d6       82%         3
 Olgreb's Toxic Radiance  Pois           0%         N/A       99%         4


Dungeon Overview and Level Annotations

Branches:
Dungeon (4/15)
 Temple: D:4-7

Altars:
Cheibriados
Okawaru
Ru
Xom

Annotations:
D:3 Grinder


Innate Abilities, Weirdness & Mutations

You are immune to sickness and miasma.
Your stone body is resilient. (AC +4)
You are immune to poison.
You resist negative energy. (rN+)
You are resistant to electric shocks. (rElec)
You are resistant to unholy torment.
You are immune to petrification.


Message History

A kobold is nearby!
A kobold is nearby!
You shoot an arrow. The arrow hits the kobold!
You kill the kobold!
Okawaru accepts your kill.
No target in view!
No target in view!
Found 5 stones.
Things that are here:
a +2 dagger of draining; a kobold corpse An ogre comes into view.
It is wielding a +0 giant spiked club.
The ogre shouts!
An ogre is nearby!
An ogre is nearby!
You shoot an arrow. The arrow closely misses the ogre.
You shoot an arrow. The arrow barely misses the ogre.
You shoot an arrow. The arrow barely misses the ogre.
You shoot an arrow. The arrow hits the ogre!
The ogre is moderately wounded.
You shoot an arrow. The arrow barely misses the ogre.
The ogre barely misses you.
You shoot an arrow. The arrow hits the ogre.
The ogre is heavily wounded.
You shoot an arrow.
The arrow hits the ogre but does no damage.
The ogre is heavily wounded.
The ogre hits you with a +0 giant spiked club!!
Ouch! That really hurt!
* * * LOW HITPOINT WARNING * * *
You are too injured to fight recklessly!
You are too injured to fight recklessly!
You are too injured to fight recklessly!
Okay, then.
Fire: a) +0 shortbow
Press: ? - help, Q - select action Shift-Dir - straight line, f/p - ogre
Aim: an ogre, wielding a +0 giant spiked club (heavily wounded, 77% to hit)
You shoot an arrow. The arrow barely misses the ogre.
The ogre hits you with a +0 giant spiked club!!
Ouch! That really hurt!
You die...

.# ### .# #). #####.##
#.# #......# #.#
#...... ####.# .(..
#..^.. #O##### ######
#@.)..############
#####.............
##############
##########
##############...>.....
#....................##
#................≈.....
#####.....#####≈≈≈≈≈≈..


You could see an ogre.

Vanquished Creatures
  An orc priest (D:3)
  3 adders
  2 worms (D:2)
  3 dart slugs
  An orc (D:3)
  7 endoplasms
  3 giant cockroaches
  9 goblins
  6 hobgoblins
  8 jackals
  6 kobolds
  3 quokkas
  5 ball pythons
  7 bats
  2 frilled lizards
  10 rats
  A butterfly (D:4)
77 creatures vanquished.

Notes
Turn   | Place    | Note
-------+----------+-------------------------------------------
     0 | D:1      | HoaS the Gargoyle Hunter began the quest for the Orb.
     0 | D:1      | Reached XP level 1. HP: 12/12 MP: 1/1
    72 | D:1      | Reached XP level 2. HP: 17/17 MP: 2/2
   300 | D:1      | Reached XP level 3. HP: 21/21 MP: 3/3
   397 | D:1      | Reached skill level 5 in Ranged Weapons
   708 | D:2      | Found an iron altar of Okawaru.
   729 | D:2      | Became a worshipper of Warmaster Okawaru
  1109 | D:2      | Reached XP level 4. HP: 23/26 MP: 4/4
  1150 | D:2      | Reached skill level 1 in Invocations
  1703 | D:3      | Found a snail-covered altar of Cheibriados.
  1717 | D:3      | Noticed Grinder
  1895 | D:3      | Reached XP level 5. HP: 18/30 MP: 6/6
  2219 | D:4      | Reached skill level 6 in Ranged Weapons
  2280 | D:4      | Found a sacrificial altar of Ru.
  2391 | D:4      | Found a shimmering altar of Xom.
  2628 | D:4      | Noticed an ogre
  2636 | D:4      | Annihilated by an ogre

Illustrated notes

Levels and vault maps discovered:
D:1:      spicycebolla_arrival_ecumenical, layout_basic
D:2:      minmay_alternating_diamond, layout_basic, basic_altar
D:3:      layout_rooms, nicolae_overflow_ecumenical_swirl,
          mainiacjoe_overflow_catwalk_spiral, kennysheep_slug_shrine,
          uniq_grinder
D:4:      layout_rooms, xom_butterflies, hangedman_ru_absence

Skill      XL: |  1  2  3  4  5 |
---------------+----------------+-----
Ranged Weapons | 5 6 |  6.0
Invocations    | 1 2 |  2.1
Fighting       | |  2.1
Dodging        | |  1.5
Stealth        | |  1.1

Action                   |  1- 3 |  4- 6 || total
-------------------------+-------+-------++-------
 Fire: Shortbow          |   115 |   114 ||   229
  Use: Scroll            |       |     6 ||     6
Armor: Leather armour    |    27 |     9 ||    36
Dodge: Dodged            |    41 |    30 ||    71

Table legend: (Time is in decaauts)
 A = Elapsed time spent in this place.
 B = Non-inter-level travel time spent in this place.
 C = Inter-level travel time spent in this place.
 D = Time resting spent in this place.
 E = Time spent auto-exploring this place.
 F = Levels seen in this place.
 G = Mean time per level.
                   A        B        C        D        E       F      G
               +--------+--------+--------+--------+--------+-----+--------+
         Total |   2698 |   2599 |     99 |    532 |   1618 |   4 |  674.5 |
       Dungeon |   2698 |   2599 |     99 |    532 |   1618 |   4 |  674.5 |
               +--------+--------+--------+--------+--------+-----+--------+

Top non-repeatable levels by time:
     D:2: 1193 daAuts
     D:1: 700 daAuts
     D:4: 520 daAuts
     D:3: 283 daAuts
